 Dungeon Crawl Stone Soup version 0.21.1-1-g345015fe64 (webtiles) character file.

87852 Gargoyl the Carver (level 15, -2/128 HPs)
             Began as a Centaur Abyssal Knight on May 29, 2018.
             Was the Champion of Lugonu.
             Slain by a fire dragon (3 damage)
             ... on level 15 of the Dungeon.
             The game lasted 00:55:04 (36492 turns).

Gargoyl the Carver (Centaur Abyssal Knight)        Turns: 36492, Time: 00:55:04

Health: -2/128     AC: 24    Str: 21    XL:     15   Next: 44%
Magic:  24/24      EV:  8    Int:  7    God:    Lugonu [******]
Gold:   1402       SH:  0    Dex: 16    Spells: 14/14 levels left

rFire    . . .     SeeInvis +   d - +8 great sword (elec)
rCold    . . .     Gourm    .   (shield currently unavailable)
rNeg     + . .     Faith    +   j - +4 chain mail
rPois    .         Spirit   .   o - +2 hat
rElec    .         Reflect  .   l - +2 cloak
rCorr    .         Harm     .   w - +2 pair of gloves
MR       +....                  (no barding)
Stlth    ..........             V - amulet of Bodily Harmony {Faith Str+2 Int-4 Dex+3 SInv}
HPRegen  0.31/turn              E - +2 ring of dexterity
MPRegen  0.19/turn              N - ring of positive energy

@: flayed, very quick
A: large, hooves 3, deformed body, speed 2, tough skin 3
a: Depart the Abyss, Bend Space, Banish, Corrupt, Enter the Abyss, Brand Weapon
With Distortion, Renounce Religion


You were on level 15 of the Dungeon.
You worshipped Lugonu.
Lugonu was exalted by your worship.
You were not hungry.

You visited 2 branches of the dungeon, and saw 21 of its levels.
You visited the Abyss 1 time.
You also visited: Trove.

You collected 1402 gold pieces.

Inventory:

Hand Weapons
 d - a +8 great sword of electrocution (weapon)
 e - a +3 broad axe of flaming
 B - a +0 trident of venom
 I - a +0 broad axe
 Q - a +0 long sword of holy wrath
 T - a +4 triple sword of distortion
 U - a +3 triple sword of electrocution
Missiles
 b - 22 tomahawks (quivered)
Armour
 j - a +4 chain mail (worn)
 l - a +2 cloak (worn)
 o - a +2 hat (worn)
 w - a +2 pair of gloves (worn)
 S - the +0 helmet of Fedhas's Wrath {rElec rC+++ MR- Int+2}
   (You found it on level 13 of the Dungeon)

   It affects your intelligence (+2).
   It renders you almost immune to cold.
   It insulates you from electricity.
   It affects your resistance to hostile enchantments.
Jewellery
 E - a +2 ring of dexterity (left hand)
 N - a ring of positive energy (right hand)
 V - the amulet of Bodily Harmony (around neck) {Faith Str+2 Int-4 Dex+3 SInv}
   (You found it in a treasure trove)

   [amulet of faith]

   It allows you to gain divine favour quickly.
   It affects your strength (+2).
   It affects your intelligence (-4).
   It affects your dexterity (+3).
   It lets you see invisible.
 W - an uncursed amulet of harm {unknown}
Wands
 a - a wand of clouds (2)
 k - a wand of paralysis (14)
 n - a wand of iceblast (39)
Scrolls
 h - 4 scrolls of fog
 m - 4 scrolls of teleportation
 y - 5 scrolls of remove curse
 A - 2 scrolls of blinking
 K - a scroll of magic mapping
 X - a scroll of identify
Potions
 f - 2 potions of mutation {unknown}
 g - a potion of invisibility
 i - 5 potions of haste
 p - a potion of curing
 s - 3 potions of flight
 u - 4 potions of might
 x - 2 potions of ambrosia
 z - a potion of resistance
 C - 2 potions of agility
 M - 4 potions of berserk rage {unknown}
 R - a potion of magic {unknown}
 Z - a potion of cancellation {unknown}
Comestibles
 c - 13 rations
 q - 3 chunks of flesh


   Skills:
 + Level 10.6 Fighting
 + Level 14.5 Long Blades
 + Level 1.8 Axes
 + Level 1.7 Throwing
 * Level 12.3 Armour
 + Level 4.2 Dodging
 * Level 12.6 Invocations
 + Level 0.6 Evocations


You had 14 spell levels left.
You didn't know any spells.

Dungeon Overview and Level Annotations

Branches:
Dungeon (15/15)            Temple (0/1) D:6            Lair (6/6) D:9
  Swamp (0/4) Lair:2       Spider (0/4) Lair:3        Slime (0/5) Lair:5
    Orc (0/2) D:12         Vaults (0/5) D:14         Depths (0/5) D:15

Altars:
Ashenzari
Cheibriados
Elyvilon
Gozag
Kikubaaqudgha
Makhleb
Okawaru
Trog
Uskayaw
Yredelemnul
The Shining One

Shops:
D:14 =

Annotations:
Abyss:1 Sonja


Innate Abilities, Weirdness & Mutations

You have hooves in place of feet.
Armour fits poorly on your strangely shaped body.
You cover ground very quickly.
You have extremely tough skin. (AC +3)


Message History

The fire dragon bites you but does no damage.
The fire dragon claws you.
* * * LOW HITPOINT WARNING * * *
The fire dragon closely misses you.
The centaur warrior hits you but does no damage.
Unknown command.
You feel better.
You feel less invigorated. The centaur warrior hits you!
* * * LOW HITPOINT WARNING * * *
The fire dragon bites you but does no damage.
The fire dragon claws you but does no damage.
The fire dragon tramples you but does no damage.
You slash the fire dragon!
The fire dragon is almost dead.
The centaur warrior hits you but does no damage.
The fire dragon bites you!
* * * LOW HITPOINT WARNING * * *
The fire dragon claws you.
* * * LOW HITPOINT WARNING * * *
The fire dragon tramples you.
You die...

#.#.#.#.#..######################
#....#....####.#######.###
#####...#.##......#......#
.......##.##.#)..#+#..##.##
#.###.##..#.......#(.#.#..#
..........##...#.#(#.##..##
.....#######....).#......# ....##
##.#.####.#.#.# . . #.#.# ##+#@#
##'#'## ##'#' #...#
#.DcF#.#.#.####.#.# ###.#
#.##W.#......#...... ....# #.#
.$#.#...#'#..P⌠. ....# +.
.?#......#..P8P. ....# #
.!#...#.#'#.⌠P.. #.#.#
!##.)....#...... (...#
#######'#######..#.#. ....#
#......## +.##'#'#


You could see a fire dragon, a flayed ghost, a centaur warrior and a bullfrog.

Vanquished Creatures
  Kirke (D:12)
  Snorg (D:14)
  An ogre mage (D:15)
  2 fire dragons
  2 yaktaur captains (D:15)
  A vault guard (D:10)
  3 catoblepae
  2 dancing weapons (D:14)
  9 centaur warriors
  3 death knights
  A tengu warrior (D:15)
  8 two-headed ogres
  7 death yaks
  A deep troll shaman (Lair:6)
  A skeletal warrior (D:14)
  A swamp dragon (Lair:2)
  3 unseen horrors
  A lindwurm (Lair:6)
  3 deep elf magi
  4 ugly things (D:14)
  3 manticores
  9 slime creatures
  3 cyclopes
  9 elephants
  A black mamba (Lair:5)
  The ghost of Gargoyl the Skirmisher, a novice CeAK of Lugonu (D:4)
  Joseph (D:7)
  5 gargoyles
  10 spiny frogs
  4 kobold demonologists
  6 rime drakes
  A freezing wraith (D:14)
  4 komodo dragons
  2 yaktaurs
  2 tengu conjurers
  2 meliai (D:13)
  A hornet (D:10)
  3 trolls
  A polar bear (Lair:3)
  9 hippogriffs
  19 blink frogs
  4 dream sheep
  7 spriggans (D:8)
  2 shadows
  A vampire (D:15)
  A wraith (D:13)
  2 wyverns
  26 yaks
  3 hogs
  4 fire bats (D:13)
  Grum (D:8)
  A basilisk (Lair:3)
  A vampire mosquito (D:15)
  A steam dragon (D:8)
  4 hungry ghosts
  2 acid dragons
  2 wargs (D:8)
  Edmund (D:5)
  13 water moccasins
  8 porcupines
  A hell hound (D:13)
  8 orc warriors
  4 ice beasts
  An eye of draining (D:13)
  5 sky beasts
  4 black bears
  A phantom (D:8)
  8 ogres
  3 necrophages (D:10)
  24 wolves
  16 centaurs
  18 crocodiles
  7 big kobolds
  26 bullfrogs
  4 scorpions
  8 wights
  2 howler monkeys (D:8)
  3 electric eels
  4 crimson imps
  4 centaur zombies
  2 lava snakes (D:13)
  7 hounds
  2 quasits
  2 bullfrog zombies
  11 orc priests
  A bullfrog skeleton (D:6)
  Crazy Yiuf (D:2)
  6 jellies
  14 orc wizards
  4 centaur skeletons
  5 iguanas
  16 worker ants
  A killer bee zombie (D:5)
  A hound zombie (D:5)
  2 hound skeletons
  A howler monkey zombie (D:5)
  7 gnolls
  18 adders
  3 shadow imps
  6 oozes
  3 adder zombies
  3 worms (D:2)
  A dart slug (D:3)
  3 leopard geckos
  52 orcs
  8 giant cockroaches
  10 hobgoblins
  4 jackals (D:3)
  5 quokkas
  A ball python (D:1)
  3 bats
  11 frilled lizards
  6 goblins
  30 kobolds
  A quokka skeleton (D:4)
  7 rats
  A fire vortex (D:13)
  2 fungi
  A plant (D:15)
648 creatures vanquished.

Vanquished Creatures (collateral kills)
  A phantasmal warrior (D:14)
1 creature vanquished.

Vanquished Creatures (others)
  An ogre mage (D:15)
  6 hydras
  An unseen horror (D:13)
  A flayed ghost (D:15)
  An ugly thing (D:11)
  A black mamba (Lair:5)
  A meliai (D:13)
  A crocodile (D:15)
  A kobold (D:10)
  A bush (D:6)
  2 fire vortices (D:13)
  7 fungi
  9 plants
33 creatures vanquished.

Grand Total: 682 creatures vanquished

Notes
Turn   | Place    | Note
-------+----------+-------------------------------------------
     0 | Abyss:1  | Gargoyl the Centaur Abyssal Knight began the quest for the Orb.
     0 | Abyss:1  | Reached XP level 1. HP: 19/19 MP: 2/2
    64 | Abyss:2  | Noticed a starcursed mass
    87 | Abyss:2  | Noticed a cyan very ugly thing
    87 | Abyss:2  | Noticed a cyan very ugly thing
    88 | Abyss:2  | Noticed a cyan ugly thing
   106 | Abyss:2  | Noticed a tentacled starspawn
   111 | D:1      | Escaped the Abyss
   515 | D:1      | Reached XP level 2. HP: 26/26 MP: 3/3
   537 | D:1      | Reached * piety under Lugonu
  1015 | D:1      | Reached XP level 3. HP: 23/31 MP: 4/4
  1360 | D:1      | Reached skill level 1 in Dodging
  1443 | D:2      | Reached skill level 1 in Long Blades
  1521 | D:2      | Reached ** piety under Lugonu
  1951 | D:2      | Reached XP level 4. HP: 30/38 MP: 5/5
  2612 | D:2      | Found a runed door.
  2616 | D:2      | Noticed Crazy Yiuf
  2619 | D:2      | Killed Crazy Yiuf
  2657 | D:3      | Reached skill level 2 in Long Blades
  2840 | D:3      | Reached XP level 5. HP: 41/46 MP: 7/7
  4206 | D:4      | Got a heavily runed ring mail
  4232 | D:4      | Noticed Gargoyl's ghost (novice CeAK)
  4246 | D:4      | Killed Gargoyl's ghost
  4246 | D:4      | Reached skill level 3 in Long Blades
  4246 | D:4      | Reached XP level 6. HP: 52/52 MP: 8/8
  4246 | D:4      | Reached XP level 7. HP: 59/59 MP: 9/9
  4359 | D:4      | Reached *** piety under Lugonu
  4399 | D:4      | Reached skill level 4 in Long Blades
  5172 | D:5      | Entered Level 5 of the Dungeon
  5216 | D:4      | Identified the cursed +1 ring mail of the Demon Prince {rF+ rN+ MR+} (You found it on level 4 of the Dungeon)
  5380 | D:5      | Reached skill level 5 in Long Blades
  5380 | D:5      | Reached XP level 8. HP: 55/67 MP: 11/11
  5592 | D:5      | Noticed Edmund
  5606 | D:5      | Killed Edmund
  5610 | D:5      | Reached **** piety under Lugonu
  5671 | D:5      | Reached skill level 5 in Invocations
  5767 | D:5      | Found a burning altar of Makhleb.
  5774 | D:5      | Found a white marble altar of Elyvilon.
  5861 | D:5      | Reached skill level 6 in Long Blades
  6086 | D:6      | Found a staircase to the Ecumenical Temple.
  6098 | D:6      | Reached skill level 5 in Fighting
  6158 | D:6      | Reached XP level 9. HP: 64/74 MP: 13/13
  6334 | D:6      | Found a basalt altar of Yredelemnul.
  6335 | D:6      | Found an ancient bone altar of Kikubaaqudgha.
  6345 | D:6      | Reached skill level 7 in Long Blades
  6354 | D:6      | Found an iron altar of Okawaru.
  6354 | D:6      | Found a hide-covered altar of Uskayaw.
  6355 | D:6      | Found a shattered altar of Ashenzari.
  6356 | D:6      | Found a snail-covered altar of Cheibriados.
  7002 | D:7      | Noticed Joseph
  7014 | D:7      | Killed Joseph
  7424 | D:7      | Reached skill level 8 in Long Blades
  7424 | D:7      | Reached skill level 5 in Armour
  7762 | D:8      | Noticed Grum
  7767 | D:8      | Killed Grum
  8083 | D:8      | Reached XP level 10. HP: 83/83 MP: 15/15
  8275 | D:8      | Reached skill level 9 in Long Blades
  8630 | D:8      | Reached ***** piety under Lugonu
  9108 | D:9      | Found a staircase to the Lair.
 10269 | D:10     | Entered Level 10 of the Dungeon
 10287 | Lair:1   | Entered Level 1 of the Lair of Beasts
 10316 | Lair:1   | Reached XP level 11. HP: 20/91 MP: 16/16
 10726 | Lair:1   | Reached skill level 10 in Long Blades
 12131 | Lair:2   | Noticed a catoblepas
 12146 | Lair:2   | Killed a catoblepas
 12529 | Lair:2   | Got a heavily runed large shield
 12542 | Lair:2   | Identified the cursed +0 large shield "Haupojal" {Dex+2} (You found it on level 2 of the Lair of Beasts)
 12845 | Lair:2   | Noticed a swamp dragon
 12862 | Lair:2   | Killed a swamp dragon
 13044 | Lair:2   | Found a staircase to the Swamp.
 14086 | Lair:3   | Found a hole to the Spider Nest.
 14173 | Lair:3   | Reached skill level 11 in Long Blades
 14561 | Lair:3   | Reached XP level 12. HP: 101/101 MP: 18/18
 14806 | Lair:3   | Noticed a seven-headed hydra
 14811 | Lair:3   | Banished a seven-headed hydra
 16064 | Lair:4   | Reached skill level 1 in Throwing
 16838 | Lair:4   | Reached ****** piety under Lugonu
 16894 | Lair:4   | Noticed a death yak
 16894 | Lair:4   | Noticed a death yak
 16895 | Lair:4   | Noticed a death yak
 16927 | Lair:4   | Killed a death yak
 16933 | Lair:4   | Killed a death yak
 17231 | Lair:4   | Killed a death yak
 17644 | Lair:5   | Noticed a four-headed hydra
 17645 | Lair:5   | Banished a four-headed hydra
 17668 | Lair:5   | Found a staircase to the Slime Pits.
 17734 | Lair:5   | Noticed a seven-headed hydra
 17745 | Lair:5   | Reached skill level 12 in Long Blades
 18919 | Lair:6   | Entered Level 6 of the Lair of Beasts
 18942 | Lair:6   | Noticed a catoblepas
 19559 | Lair:5   | Killed a catoblepas
 19559 | Lair:5   | Reached XP level 13. HP: 72/108 MP: 20/20
 19695 | Lair:6   | Reached skill level 10 in Invocations
 20406 | Lair:6   | Reached skill level 10 in Armour
 22288 | Lair:6   | Got a smoking battleaxe
 22294 | Lair:6   | Identified the +9 battleaxe of Baxudgh {flame, rC+ Str-5 Stlth+} (You found it on level 6 of the Lair of Beasts)
 22892 | D:10     | Paralysed by a hornet for 1 turns
 22914 | D:10     | Found Ysialuw's Gadget Emporium.
 23597 | D:10     | Found a portal to a secret trove of treasure.
 23602 | D:10     | You paid a toll of 3 potions of resistance to enter a treasure trove
 23603 | Trove    | Entered a treasure trove
 23662 | Trove    | Got a smoking sapphire amulet
 23675 | Trove    | Identified the amulet of Bodily Harmony {Faith Str+2 Int-4 Dex+3 SInv} (You found it in a treasure trove)
 25685 | D:12     | Noticed Kirke
 25742 | D:12     | Killed Kirke
 25742 | D:12     | Reached skill level 13 in Long Blades
 25742 | D:12     | Reached XP level 14. HP: 105/118 MP: 22/22
 26574 | D:12     | Found a staircase to the Orcish Mines.
 28920 | D:13     | Got an ancient helmet
 28931 | D:13     | Identified the +0 helmet of Fedhas's Wrath {rElec rC+++ MR- Int+2} (You found it on level 13 of the Dungeon)
 30469 | D:14     | Reached skill level 10 in Fighting
 31096 | D:14     | Noticed Snorg
 31131 | D:14     | Killed Snorg
 31462 | D:14     | Found an opulent altar of Gozag.
 31471 | D:14     | Found a gate to the Vaults.
 31593 | D:14     | Noticed Sonja
 31877 | D:14     | Banished Sonja
 32395 | D:14     | Reached skill level 14 in Long Blades
 32725 | D:14     | Found Bifamoh's Jewellery Shoppe.
 33395 | D:15     | Entered Level 15 of the Dungeon
 33409 | D:14     | Reached XP level 15. HP: 74/126 MP: 24/24
 34052 | D:15     | HP: 6/126 [two-headed ogre/giant club (12)]
 34491 | D:15     | Found a bloodstained altar of Trog.
 34491 | D:15     | Found a glowing golden altar of the Shining One.
 34492 | D:15     | Found a basalt altar of Yredelemnul.
 35125 | D:15     | Found a staircase to the Depths.
 36023 | D:15     | Noticed a fire giant
 36492 | D:15     | HP: 5/128 [fire dragon (13)]
 36492 | D:15     | HP: 1/128 [fire dragon (4)]
 36492 | D:15     | Slain by a fire dragon

Skill      XL: |  1  2  3  4  5  6  7  8  9 10 11 12 13 14 15 |
---------------+----------------------------------------------+-----
Dodging        | 1 2 3 4 |  4.2
Long Blades    | 1 2 3 5 6 8 9 11 12 13 14 | 14.5
Armour         | 2 3 4 5 6 7 9 10 11 12 | 12.3
Invocations    | 3 4 5 6 7 8 9 11 12 | 12.6
Fighting       | 4 5 6 7 8 9 10 | 10.6
Throwing       | 1 |  1.7
Axes           | |  1.8
Evocations     | |  0.6

Action                   |  1- 3 |  4- 6 |  7- 9 | 10-12 | 13-15 || total
-------------------------+-------+-------+-------+-------+-------++-------
Melee: Great sword       |   126 |    89 |   246 |   570 |   419 ||  1450
       Kick              |    26 |    11 |    49 |   146 |   294 ||   526
       Triple sword      |       |       |       |       |   401 ||   401
Throw: Tomahawk          |       |       |       |    26 |     7 ||    33
Invok: Depart the Abyss  |     1 |       |       |       |       ||     1
       Banish            |       |       |     1 |     8 |    14 ||    23
       Bend Space        |       |       |       |     3 |     1 ||     4
Evoke: Wand              |       |       |     1 |     8 |       ||     9
  Use: Scroll            |     9 |     5 |    10 |    13 |    21 ||    58
       Potion            |       |     2 |       |     6 |     8 ||    16
  Eat: Chunk             |     2 |     6 |     4 |    15 |    10 ||    37
       Ration            |       |       |     3 |     8 |    13 ||    24
Armor: Leather armour    |    14 |       |       |       |       ||    14
       Scale mail        |   108 |    61 |    56 |       |       ||   225
       Skin              |       |    10 |       |       |       ||    10
       Ring mail         |       |       |   133 |    27 |       ||   160
       Chain mail        |       |       |       |   504 |   952 ||  1456
Dodge: Dodged            |    79 |    51 |   153 |   215 |   484 ||   982
       Rpst.: Great sword |    32 |    13 |    41 |    59 |    67 ||   212
       Triple sword      |       |       |       |       |    56 ||    56
